 Dungeon Crawl Stone Soup version 0.17-a0-1871-gdc8eb4e (webtiles) character file.

38 Oddball22 the Charlatan (level 3, 0/27 HPs)
             Began as a Demonspawn Artificer on Sept 21, 2015.
             Succumbed to an adder's poison
             ... on level 3 of the Dungeon.
             The game lasted 00:03:19 (2294 turns).

Oddball22 the Charlatan (Demonspawn Artificer)      Turns: 2294, Time: 00:03:19

Health: 0/27       AC:  5    Str: 11    XL:     3   Next: 25%
Magic:  5/5        EV: 12    Int: 13    God:
Gold:   63         SH:  0    Dex: 14    Spells: 0 memorised, 2 levels left

rFire  . . .     SeeInvis .     a - +0 short sword
rCold  . . .     Clarity  .     b - +0 leather armour
rNeg   . . .     SustAt   .     (no shield)
rPois  +         Gourm    .     (no helmet)
rElec  .         Spirit   .     (no cloak)
rCorr  .         Warding  .     (no gloves)
rMut   .         Stasis   .     (no boots)
MR     .....                    (no amulet)
Stlth  +.........               (no ring)
                                u - ring of poison resistance (curse)

@: lethally poisoned (0 -> -6), not resistant to hostile enchantments, very
unstealthy
A: hooves 1, slimy green scales 1
a: no special abilities


You were on level 3 of the Dungeon.
You were hungry.

You visited 1 branch of the dungeon, and saw 3 of its levels.

You collected 63 gold pieces.

Inventory:

Hand weapons
 a - a +0 short sword (weapon)
Armour
 b - a +0 leather armour (worn)
 i - a +0 buckler
Jewellery
 u - a cursed ring of poison resistance (left hand)
Magical devices
 c - a wand of flame (15)
 d - a wand of enslavement (15)
 e - a wand of random effects (15)
Scrolls
 h - 2 scrolls of identify {unknown}
 j - a scroll of fog {unknown}
 l - 3 scrolls of remove curse {unknown}
 m - a scroll of noise {unknown}
 o - 2 scrolls of enchant weapon {unknown}
 q - a scroll of teleportation {unknown}
 r - 3 scrolls of enchant armour {unknown}
 t - 2 scrolls of blinking {unknown}
 w - a scroll of random uselessness {unknown}
Potions
 g - 2 potions of mutation {unknown}
 k - 2 potions of brilliance {unknown}
 n - a potion of curing {unknown}
 p - a potion of haste {unknown}
Comestibles
 f - a bread ration
 s - 2 fruits


   Skills:
 + Level 2.1 Fighting
 - Level 0.8 Short Blades
 + Level 1.1 Armour
 * Level 2.4 Dodging
 - Level 0.8 Stealth
 - Level 3.0 Evocations


You had 2 spell levels left.
You didn't know any spells.

Dungeon Overview and Level Annotations

Branches:
Dungeon (3/15)

Altars:


Innate Abilities, Weirdness & Mutations

You have large cloven feet.
You are partially covered in slimy green scales (AC +2).


Message History

* * * LOW HITPOINT WARNING * * *
You barely miss the adder.
The adder is severely wounded.
The adder bites you but does no damage. The adder barely misses you.
You are feeling hungry.
You hit the adder.
The adder is almost dead.
The adder closely misses you.
You hit the adder but do no damage.
The adder is almost dead.
The adder barely misses you. The adder closely misses you.
You closely miss the adder.
The adder is almost dead.
The adder bites you.
* * * LOW HITPOINT WARNING * * *
You are lethally poisoned!
The adder poisons you!
You hit the adder but do no damage.
The adder is almost dead.
You die...

#..........
#.........#
#.........#
#.........#
#.........#
#.........#
#.....S...#
########@.#
#........>#
#.######### #.#
####.# #<##.#
#.##.#
#.##.######
######.##......#


You could see an adder.

Vanquished Creatures
  An ooze (D:1)
  A ball python (D:1)
  A giant cockroach (D:1)
  5 goblins
  5 hobgoblins
  4 jackals (D:1)
  3 quokkas
  3 bats
  A giant newt (D:1)
  2 kobolds
  A quokka skeleton (D:3)
  4 rats
31 creatures vanquished.

Notes
Turn   | Place    | Note
--------------------------------------------------------------
     0 | D:1      | Oddball22 the Demonspawn Artificer began the quest for the Orb.
     0 | D:1      | Reached XP level 1. HP: 15/15 MP: 3/3
   536 | D:1      | Gained mutation: You are partially covered in slimy green scales (AC +2). [demonic ancestry]
   536 | D:1      | Reached XP level 2. HP: 9/22 MP: 4/4
   980 | D:1      | Reached skill level 1 in Armour
  1434 | D:2      | Gained mutation: You have large cloven feet. [demonic ancestry]
  1434 | D:2      | Reached XP level 3. HP: 25/27 MP: 5/5
  2293 | D:3      | HP: 1/27 [adder (2)]
  2294 | D:3      | Succumbed to an adder's poison

Vault maps used:
D:1:      dpeg_arrival_houses_and_road, serial_bayou_ford_a
D:3:      kennysheep_goblin_castle, overflow_temple_1_default, first_bread,
          item_on_display_a

Action                   || total
-------------------------++-------
Melee: Short sword       ||   161
 Stab: Sleeping          ||     2
  Eat: Chunk             ||     4
